 Dungeon Crawl Stone Soup version 0.27.1-1-g398f81649c (webtiles) character file.

Game seed: 15747805587261442125

1169 greenlake the Ruffian (level 8, -2/80 HPs)
             Began as a Troll Monk on Sept 11, 2021.
             Was a Believer of Okawaru.
             Slain by a wyvern (4 damage)
             ... on level 5 of the Dungeon.
             The game lasted 00:12:08 (4390 turns).

greenlake the Ruffian (Troll Monk)                  Turns: 4390, Time: 00:12:08

Health: -2/80      AC:  4    Str: 22    XL:     8   Next: 17%
Magic:  7/7        EV: 11    Int:  6    God:    Okawaru [**....]
Gold:   164        SH:  0    Dex: 12    Spells: 7/7 levels left

rFire    . . .     SeeInvis .     - Unarmed
rCold    . . .     Faith    .   (no shield)
rNeg     . . .     Spirit   .   a - +0 robe
rPois    .         Reflect  .   (helmet restricted)
rElec    .         Harm     .   (no cloak)
rCorr    .         Rampage  .   (gloves unavailable)
Will     .....                  (boots unavailable)
Stlth    ++........             (no amulet)
HPRegen  1.23/turn              (no ring)
MPRegen  0.10/turn              (no ring)

@: no status effects
A: large, unfitting armour, claws 3, regeneration 1, shaggy fur 1, tough skin 1
a: Renounce Religion, Heroism


You were on level 5 of the Dungeon.
You worshipped Okawaru.
Okawaru was pleased with you.
You visited 2 branches of the dungeon, and saw 7 of its levels.

You collected 164 gold pieces.

Inventory:

Hand Weapons
 y - a +0 giant spiked club
 B - a +0 giant club
Missiles
 u - 8 datura-tipped darts
 v - 16 poisoned darts (quivered)
Armour
 a - a +0 robe (worn)
 n - a +2 helmet
Magical Staves
 h - a staff of fire
Jewellery
 A - an amulet of magic regeneration
Wands
 o - a wand of mindburst (12)
 q - a wand of flame (16)
Scrolls
 b - 5 scrolls of identify
 d - a scroll of amnesia {unknown}
 i - a scroll of blinking {unknown}
 j - 2 scrolls of teleportation
 k - a scroll of vulnerability {unknown}
 l - a scroll of holy word {unknown}
 r - a scroll of enchant armour {unknown}
 t - 2 scrolls of magic mapping {unknown}
 x - a scroll of immolation {unknown}
Potions
 c - a potion of might {unknown}
 e - a potion of lignification {unknown}
 f - a potion of attraction {unknown}
 g - a potion of invisibility {unknown}
 m - 2 potions of heal wounds {unknown}
 p - a potion of curing {unknown}
 s - a potion of magic {unknown}
 w - a potion of degeneration {unknown}
 z - a potion of flight {unknown}


   Skills:
 + Level 5.2 Fighting
 + Level 2.2 Maces & Flails
 + Level 5.2 Dodging
 - Level 1.0 Stealth
 - Level 5.6 Unarmed Combat


You had 7 spell levels left.
You didn't know any spells.
Your spell library contained the following spells:

 Spells                   Type           Power      Damage    Failure   Level
 Foxfire                  Conj/Fire      0%         2x1d4     45%         1
 Conjure Flame            Conj/Fire      0%         6-21      83%         3
 Inner Flame              Hex/Fire       0%         N/A       83%         3
 Summon Ice Beast         Ice/Summ       0%         N/A       99%         4
 Summon Mana Viper        Hex/Summ       0%         N/A       100%        5
 Monstrous Menagerie      Summ           0%         N/A       100%        7


Dungeon Overview and Level Annotations

Branches:
Dungeon (6/15)             Temple (1/1) D:4

Altars:
Ashenzari
Dithmenos
Gozag
Kikubaaqudgha
Makhleb
Nemelex Xobeh
Okawaru
Qazlal
Uskayaw
Vehumet
Yredelemnul
The Shining One

Annotations:
D:3 1 runed translucent door, Crazy Yiuf


Innate Abilities, Weirdness & Mutations

You are too large for most types of armour.
You have claws for hands.
Your natural rate of healing is unusually fast.
You are covered in fur. (AC +1)
You have tough skin. (AC +1)


Message History

The orc shouts! x2; The wyvern hisses angrily.
Found 17 gold pieces and a flail.
Found a stone staircase leading down.
There is a stone staircase leading up here.
The orc shouts!
The orc hits you with a +0 dagger of venom.
You are poisoned.
You closely miss the orc.
You feel sick.
You feel sick.
The orc hits you with a +0 dagger of venom.
You are more poisoned.
You feel very sick. The wyvern bites you!!
There is a stone staircase leading up, spattered with blood here.
You feel sick. The wyvern bites you!! The orc completely misses you.
You climb upwards.
You feel very sick.
There is a stone staircase leading down, spattered with blood here.
You see here a +0 giant club.
You claw the orc!
You kill the orc!
Okawaru accepts your kill.
You feel sick. The wyvern bites you!
* * * LOW HITPOINT WARNING * * *
The wyvern bites you.
* * * LOW HITPOINT WARNING * * *
You feel sick.
You feel sick.
You feel sick. The wyvern bites you!
* * * LOW HITPOINT WARNING * * *
You feel sick.
You feel sick.
You are no longer poisoned.
The wyvern bites you but does no damage.
The wyvern bites you!
* * * LOW HITPOINT WARNING * * *
As you read the scroll labelled RIUNWA NUAT, it crumbles to dust.
It is a scroll of identify.
j - 2 scrolls of teleportation The wyvern bites you.
You die...

############# #.##.# #.#.# #
...........#######.##.## #.#.# #
≈≈≈≈≈≈≈≈≈≈.#.......##..# #.#.# #
≈≈≈≈≈≈≈≈≈≈.###########.## #.#.# #
≈≈≈≈≈≈≈≈≈≈.'.(..........# #.#.# #
≈≈≈≈≈≈≈≈≈≈.###########..# #.#.# #
...........# #..###.#.###
#######################>)...#....
................@l......########.
######################### #.
.....######## #. #...........# #.
#...........####################.
#...........##...................
#...........##.##################
#...........##.##.# #......
#.....[.....##....####### #.#####


You could see a wyvern.

Vanquished Creatures
  A black bear (D:4)
  3 ogres (D:5)
  A phantom (D:4)
  A scorpion (D:5)
  A water moccasin zombie (D:5)
  A bullfrog zombie (D:5)
  A jelly (D:5)
  A bullfrog skeleton (D:4)
  3 hounds
  A scorpion zombie (D:5)
  Ijyb (D:4)
  A gnoll shaman (D:5)
  2 iguanas (D:5)
  An orc wizard (D:5)
  A hound zombie (D:5)
  A hound skeleton (D:4)
  A howler monkey skeleton (D:4)
  11 gnolls
  8 adders
  An adder skeleton (D:4)
  3 worms
  5 dart slugs
  6 orcs
  2 bats
  6 endoplasms
  4 giant cockroaches
  9 goblins
  6 hobgoblins
  4 jackals (D:1)
  A quokka (D:1)
  6 ball pythons
  3 frilled lizards
  11 kobolds
  A quokka skeleton (D:4)
  2 rats
111 creatures vanquished.

Notes
Turn   | Place    | Note
-------+----------+-------------------------------------------
     0 | D:1      | greenlake the Troll Monk began the quest for the Orb.
     0 | D:1      | Reached XP level 1. HP: 22/22 MP: 0/0
   142 | D:1      | Reached XP level 2. HP: 29/29 MP: 1/1
   586 | D:2      | Reached XP level 3. HP: 36/36 MP: 2/2
   707 | D:2      | Found a faded altar of an unknown god.
   884 | D:2      | Reached XP level 4. HP: 41/45 MP: 3/3
  1433 | D:3      | Found a shadowy altar of Dithmenos.
  1454 | D:3      | Found a radiant altar of Vehumet.
  1518 | D:3      | Reached XP level 5. HP: 52/53 MP: 4/4
  1670 | D:3      | Found a runed translucent door.
  1671 | D:3      | Noticed Crazy Yiuf
  2159 | D:4      | Noticed a phantom
  2171 | D:4      | Killed a phantom
  2172 | D:4      | Reached XP level 6. HP: 52/62 MP: 5/5
  2353 | D:4      | Found a broken altar of Ashenzari.
  2605 | D:4      | Reached skill level 5 in Unarmed Combat
  2623 | D:4      | Noticed Ijyb
  2657 | D:4      | Killed Ijyb
  2732 | D:4      | Found a staircase to the Ecumenical Temple.
  2746 | Temple   | Entered the Ecumenical Temple
  2836 | Temple   | Became a worshipper of Warmaster Okawaru
  2836 | Temple   | Reached * piety under Okawaru
  2836 | Temple   | Reached ** piety under Okawaru
  3254 | D:5      | Entered Level 5 of the Dungeon
  3272 | D:5      | Reached XP level 7. HP: 70/70 MP: 6/6
  3717 | D:5      | Reached skill level 1 in Maces & Flails
  3763 | D:5      | Reached skill level 5 in Dodging
  3807 | D:5      | Reached skill level 5 in Fighting
  3904 | D:5      | Reached XP level 8. HP: 67/80 MP: 7/7
  4389 | D:5      | HP: 1/80 [wyvern (10)]
  4390 | D:5      | Slain by a wyvern

Illustrated notes

Levels and vault maps discovered:
D:1:      ncdulo_smallfort, layout_basic
D:2:      layout_basic, ebering_ecumenical_altar_rust
D:3:      layout_basic, vehumet_altar_wand_db, lemuel_crystal_altar,
          uniq_crazy_yiuf_cottage
D:4:      layout_basic, mainiacjoe_overflow_concentric_impassable,
          minmay_temple_entry_offerings, serial_curves, eino_curves_04,
          eino_curves_01, nicolae_underground_beach, uniq_ijyb
D:5:      layout_basic, nrook_pool_corridor
D:6:      lemuel_ratsnest, layout_cave_pods, led_xom_imps
Temple:   nicolae_temple_figure_zero

Skill      XL: |  1  2  3  4  5  6  7  8 |
---------------+-------------------------+-----
Fighting       | 3 4 5 |  5.2
Dodging        | 3 4 5 |  5.2
Unarmed Combat | 4 5 |  5.6
Maces & Flails | 1 2 |  2.2
Stealth        | |  1.0

Action                   |  1- 3 |  4- 6 |  7- 9 || total
-------------------------+-------+-------+-------++-------
Melee: Unarmed           |    80 |   166 |    93 ||   339
       Punch             |       |     2 |     4 ||     6
  Use: Scroll            |       |       |     1 ||     1
 Stab: Sleeping          |     1 |     4 |       ||     5
Armor: Robe              |    32 |    35 |    27 ||    94
Dodge: Dodged            |    41 |    93 |    43 ||   177
